AoeStats
← ivcrk826

Arabia

505414762Analyzed
1v1 RM · 23d ago on Sep 9, 2026· 39m 57s· 2 players
Game mode
Random Map
Map size
Tiny (2 player)
Population
200
Speed
Normal
Resources
Standard
Victory
Conquest
Starting age
Dark Age
Ending age
Imperial Age
RankedLock teamsTeams togetherTeam positionsShared explorationLock speedFull tech treeHidden civsTurbo modeCheats
Victory
Defeat
🇨🇳 Cumans · China
1176
+17
🇦🇷 Turks · Argentina
1188
-17
1175****64
4:44 Loom
9:02 Feudal Age
9:08 Man-at-Arms
9:47 Double-Bit Axe
16:40 Fletching
18:37 Horse Collar
19:31 Scale Barding Armor
22:46 Forging
23:56 Wheelbarrow
27:16 Castle Age
25:53 Bloodlines
26:20 Gold Mining
28:13 Hand Cart
27:26 Light Cavalry
29:11 Chain Barding Armor
30:08 Town Watch
30:39 Hand Cart
30:40 Bodkin Arrow
31:15 Bow Saw
32:44 Ballistics
32:46 Padded Archer Armor
38:15 Imperial Age
38:12 Thumb Ring
38:31 Stone Mining
39:16 Gold Shaft Mining
39:25 Iron Casting
38:18 Cavalier
39:35 Plate Barding Armor
39:04 Heavy Plow
39:35 Murder Holes
40:42 Chemistry
ivcrk826
3:06 Loom
6:12 Loom
9:22 Feudal Age
10:16 Double-Bit Axe
25:07 Castle Age
Connection lost

Rejoining the realm…

Still unreachable

The connection could not be restored.

Session expired

The server has moved on; the page needs a fresh start.